 Dungeon Sprint DCSS version 0.30.1-4-g462c640d31 (webtiles) character file.

Game seed: 9135552880084967894

437 Heoruswealwe the Thaumaturge (level 6, -2/24 (32) HPs)
             Began as a Deep Elf Earth Elementalist on Aug 30, 2023.
             Was an Initiate of Vehumet.
             Slain by Sonja
             ... wielding a +0 short sword of draining
              (7 damage)
             ... in the Dungeon (Sprint I: "Red Sonja").
             The game lasted 00:04:35 (264 turns).

Heoruswealwe the Thaumaturge (DEEE)                  Turns: 264, Time: 00:04:36

HP:   -2/24 (32)    AC:  2    Str:  5    XL:     6   Next: 69%
MP:   14/24         EV: 12    Int: 22    God:    Vehumet [......]
Gold: 362           SH:  0    Dex: 15    Spells: 21/31 levels left

rFire   . . .        a - +0 dagger
rCold   . . .        (no shield)
rNeg    . . .        c - +0 robe
rPois   .            (no helmet)
rElec   .            (no cloak)
rCorr   .            (no gloves)
SInv    .            (no boots)
Will    .....        (no amulet)
Stlth   ++           (no ring)
HPRegen 0.24/turn    (no ring)
MPRegen 0.19/turn

%: no teleportation
@: slowed, very heavily drained, very slow
A: no striking features
a: Renounce Religion


You were in the Dungeon.
You worshipped Vehumet.
Vehumet was noncommittal.
You visited 1 branch You collected 362 gold pieces.

Inventory:

Hand Weapons
 a - a +0 dagger (weapon)
Armour
 c - a +0 robe (worn)
Magical Staves
 h - a staff of death
Wands
 e - a wand of iceblast (5)
 g - a wand of digging (5)
Potions
 b - 3 potions of magic


   Skills:
 - Level 2.4 Dodging
 - Level 2.4 Stealth
 + Level 13.4 Spellcasting
 - Level 1.1 Transmutations
 + Level 11.6 Earth Magic


You had 21 spell levels left.
You knew the following spells:

 Your Spells              Type           Power      Damage    Failure   Level
a - Sandblast             Erth           100%       2d20      1%          1
b - Stone Arrow           Conj/Erth      80%        3d12      1%          3
c - Petrify               Tmut/Erth      42%        N/A       3%          4
z - Passwall              Tmut/Erth      35%        N/A       1%          2

Your spell library contained the following spells:

 Spells                   Type           Power      Damage    Failure   Level


Dungeon Overview and Level Annotations

Branches:
Dungeon (1/1)

Altars:
Cheibriados
Dithmenos
Elyvilon
Fedhas
Gozag
Hepliaklqana
Kikubaaqudgha
Nemelex Xobeh
Okawaru
Qazlal
Ru
Sif Muna
Trog
Uskayaw
Vehumet
Wu Jian
Yredelemnul
Zin
The Shining One

Shops:
D ?

Annotations:
D Sonja


Message History

Casting: Petrify (quite dangerous; 3% risk of failure)
Confirm with . or Enter, or press ? or * to list all spells.
The spell is quite dangerous to miscast (3% risk of failure)!
Continue anyway?
Aiming: Petrify (quite dangerous; 3% risk of failure)
Press: ? - help, Shift-Dir - straight line, f/p - Sonja
Aim: Sonja, wielding a +0 short sword of draining, quivering curare-tipped darts and carrying a wand of light (8) (chance to affect: 75%) Sonja struggles to resist.
Sonja throws a curare-tipped dart.
The curare-tipped dart hits you.
You are poisoned.
You have difficulty breathing.
You feel yourself slow down.
Casting: Petrify (quite dangerous; 3% risk of failure)
Confirm with . or Enter, or press ? or * to list all spells.
Aiming: Stone Arrow (safe; 1% risk of failure)
Press: ? - help, Shift-Dir - straight line, f/p - Sonja
Aim: Sonja, wielding a +0 short sword of draining, quivering curare-tipped darts and carrying a wand of light (8) (37% to hit)
The stone arrow misses Sonja.
You feel sick.
Sonja hits you with a +0 short sword of draining!
You feel drained.
* * * LOW HITPOINT WARNING * * *
Sonja hits you with a +0 short sword of draining.
* * * LOW HITPOINT WARNING * * *
You feel drained.
* * * LOW HITPOINT WARNING * * *
Sonja barely misses you.
You feel much better.
You feel sick.
Sonja hits you with a +0 short sword of draining.
You feel drained.
Sonja hits you with a +0 short sword of draining.
You feel drained.
Sonja hits you with a +0 short sword of draining.
You feel drained.
Sonja zaps a wand.
The bolt of light hits you.
You are confused.
* * * LOW HITPOINT WARNING * * *
You feel better.
Sonja hits you with a +0 short sword of draining.
* * * LOW HITPOINT WARNING * * *
You feel drained.
* * * LOW HITPOINT WARNING * * *
Sonja hits you with a +0 short sword of draining!
You die...

################
#<.#.['..#..'..#
#..)..#..').#..+
#..#####'#####'#
#..####..#...#.#
#..#__####..##.#
#..#_____##'#_.+
#⌠⌠#_.∩...'..._#
####_..__##_@#'#
#..#_____###K#[#
########## #.###
$.$ $.$ ##.##
#+#


You could see Sonja.

Vanquished Creatures
  Sigmund (D)
  A yak (D)
  An ogre (D)
  A jelly (D)
  Ijyb (D)
5 creatures vanquished.

Notes
Turn   | Place    | Note
-------+----------+-------------------------------------------
     0 | D        | Heoruswealwe the Deep Elf Earth Elementalist began the
                  | quest for the Orb.
     0 | D        | Reached XP level 1. HP: 10/10 MP: 6/6
     1 | D        | Noticed Ijyb
    18 | D        | Killed Ijyb
    19 | D        | Reached skill level 6 in Spellcasting
    19 | D        | Reached skill level 5 in Earth Magic
    19 | D        | Reached XP level 2. HP: 1/15 MP: 7/11
    25 | D        | Learned a level 2 spell: Passwall
    88 | D        | Noticed an ogre
    93 | D        | Killed an ogre
    94 | D        | Reached skill level 8 in Spellcasting
    94 | D        | Reached XP level 3. HP: 19/19 MP: 10/15
    94 | D        | Reached XP level 4. HP: 24/24 MP: 10/16
   133 | D        | Learned a level 3 spell: Stone Arrow
   138 | D        | Learned a level 4 spell: Petrify
   138 | D        | Noticed Sigmund
   140 | D        | Killed Sigmund
   141 | D        | Reached skill level 11 in Spellcasting
   141 | D        | Reached skill level 10 in Earth Magic
   141 | D        | Reached XP level 5. HP: 28/28 MP: 16/21
   141 | D        | Reached XP level 6. HP: 32/32 MP: 16/22
   173 | D        | Found an ornate altar of the Wu Jian Council.
   173 | D        | Found a shimmering blue altar of Sif Muna.
   175 | D        | Found a radiant altar of Vehumet.
   177 | D        | Reached skill level 12 in Spellcasting
   205 | D        | Became a worshipper of Vehumet
   207 | D        | Found Cosupt's Magic Scroll Emporium.
   207 | D        | Found an ancient bone altar of Kikubaaqudgha.
   207 | D        | Found a hazy altar of Hepliaklqana.
   207 | D        | Found a stormy altar of Qazlal.
   207 | D        | Found a hide-covered altar of Uskayaw.
   207 | D        | Found a blossoming altar of Fedhas.
   207 | D        | Found a bloodstained altar of Trog.
   207 | D        | Found an iron altar of Okawaru.
   207 | D        | Found a basalt altar of Yredelemnul.
   207 | D        | Found a glowing golden altar of the Shining One.
   207 | D        | Found a snail-covered altar of Cheibriados.
   207 | D        | Found a sacrificial altar of Ru.
   207 | D        | Found a glowing silver altar of Zin.
   207 | D        | Found a shadowy altar of Dithmenos.
   207 | D        | Found a white marble altar of Elyvilon.
   207 | D        | Noticed a yak
   217 | D        | Killed a yak
   218 | D        | Reached skill level 13 in Spellcasting
   222 | D        | Found an opulent altar of Gozag.
   223 | D        | Found a sparkling altar of Nemelex Xobeh.
   259 | D        | Noticed Sonja
   264 | D        | Slain by Sonja

Illustrated notes

Levels and vault maps discovered:
D:        dungeon_sprint_1 [red_sonja_temple_1, red_sonja_temple_small_1]

Skill      XL: |  1  2  3  4  5  6 |
---------------+-------------------+-----
Spellcasting   | 6 8 11 13 | 13.4
Earth Magic    | 5 7 10 11 | 11.6
Dodging        | |  2.4
Stealth        | |  2.4
Transmutations | |  1.1

Action                     |  1- 3 |  4- 6 || total
---------------------------+-------+-------++-------
  Melee: Unarmed           |    13 |       ||    13
   Cast: Sandblast         |     2 |     7 ||     9
         Passwall          |     2 |       ||     2
         Petrify           |       |     3 ||     3
         Stone Arrow       |       |     1 ||     1
  Evoke: Wand              |       |     1 ||     1
    Use: Potion            |     2 |     2 ||     4
         Scroll            |     1 |       ||     1
  Dodge: Dodged            |     4 |     1 ||     5
